 Dungeon Crawl Stone Soup version 0.19.5 (webtiles) character file.

265 tof the Shooter (level 5, -1/36 HPs)
             Began as a High Elf Hunter on Mar 2, 2017.
             Was an Initiate of Okawaru.
             Slain by a gnoll
             ... wielding a +0 flail
              (11 damage)
             ... on level 4 of the Dungeon.
             The game lasted 00:08:30 (3058 turns).

tof the Shooter (High Elf Hunter)                   Turns: 3058, Time: 00:08:31

Health: -1/36      AC:  4    Str: 11    XL:     5   Next: 99%
Magic:  6/6        EV:  7    Int: 12    God:    Okawaru [......]
Gold:   167        SH:  0    Dex: 16    Spells: 0 memorised, 4 levels left

rFire  . . .     SeeInvis .     a - +1 shortbow
rCold  . . .     Gourm    .     c - +0 leather armour
rNeg   . . .     Faith    +     (shield currently unavailable)
rPois  .         Spirit   .     (no helmet)
rElec  .         Reflect  .     (no cloak)
rCorr  .         Harm     .     (no gloves)
MR     .....                    q - +0 pair of boots
Stlth  ++........               s - amulet of faith
                                (no ring)
                                k - -3 ring of intelligence (curse)

@: held
A: no striking features
a: Renounce Religion


You were on level 4 of the Dungeon.
You worshipped Okawaru.
Okawaru was noncommittal.
You were not hungry.

You visited 1 branch of the dungeon, and saw 4 of its levels.

You collected 167 gold pieces.

Inventory:

Hand Weapons
 a - a +1 shortbow (weapon)
 b - a +0 short sword
Missiles
 d - 38 arrows (quivered)
Armour
 c - a +0 leather armour (worn)
 q - a +0 pair of boots (worn)
Jewellery
 k - a cursed -3 ring of intelligence (left hand)
 s - an amulet of faith (around neck)
Scrolls
 e - 2 scrolls of teleportation {unknown}
 i - 3 scrolls of remove curse {unknown}
 m - a scroll of blinking {unknown}
 n - a scroll of identify {unknown}
 r - a scroll of fear {unknown}
Potions
 g - 3 potions of brilliance {unknown}
 h - a potion of heal wounds {unknown}
 j - a potion of haste {unknown}
 l - 2 potions of lignification {unknown}
 t - a potion of might {unknown}
Comestibles
 f - a bread ration
 o - a slice of pizza
 p - a beef jerky


   Skills:
 * Level 3.6 Fighting
 * Level 6.8 Bows
 * Level 3.1 Dodging
 * Level 4.1 Stealth


You had 4 spell levels left.
You didn't know any spells.

Dungeon Overview and Level Annotations

Branches:
Dungeon (4/15)
 Temple: D:4-7

Altars:
Makhleb
Okawaru

Annotations:
D:4 Eustachio


Message History

You shoot an arrow. The arrow hits the gnoll!
You kill the gnoll!
Okawaru accepts your kill.
The gnoll throws a throwing net.
The throwing net hits you.
You become entangled in the net!
You are held in a net!
You are held in a net!
You are held in a net!
You are held in a net!
You cannot shoot with your shortbow while held in a net.
The gnoll hits you with a flail! The gnoll hits you with a club.
The gnoll hits you with a flail. The gnoll barely misses you. x2
You can't do that while held in a net.
The gnoll barely misses you. The gnoll hits you but does no damage.
The gnoll barely misses you. The gnoll hits you but does no damage.
The gnoll hits you with a club!
* * * LOW HITPOINT WARNING * * *
The gnoll hits you with a flail!
You die...

#####.........
##g######. #.#
#g# #g#
####### #.#
#.....# #.#
#..)..####.#
#.@g.(.....#
#..g..######
#.....#
###.### #.#
#.# #.# #.#


You could see 2 gnolls.

Vanquished Creatures
  A crimson imp (D:2)
  An orc priest (D:3)
  Robin (D:3)
  3 gnolls
  7 adders
  An ooze (D:3)
  2 dart slugs (D:1)
  A worm (D:3)
  A leopard gecko (D:3)
  7 orcs (D:3)
  2 ball pythons
  4 bats
  4 giant cockroaches
  13 hobgoblins
  4 jackals (D:2)
  2 kobolds
  A quokka (D:3)
  A frilled lizard (D:2)
  14 goblins
  11 rats
81 creatures vanquished.

Notes
Turn   | Place    | Note
-------+----------+-------------------------------------------
     0 | D:1      | tof the High Elf Hunter began the quest for the Orb.
     0 | D:1      | Reached XP level 1. HP: 14/14 MP: 2/2
   240 | D:1      | Reached XP level 2. HP: 19/19 MP: 3/3
   526 | D:1      | Reached XP level 3. HP: 25/25 MP: 4/4
   764 | D:2      | Reached skill level 6 in Bows
   959 | D:2      | Reached XP level 4. HP: 25/30 MP: 5/5
  1501 | D:2      | Found a burning altar of Makhleb.
  1884 | D:3      | Found a faded altar of an unknown god.
  1884 | D:3      | Found a faded altar of an unknown god.
  1897 | D:3      | Found an iron altar of Okawaru.
  1902 | D:3      | Found a faded altar of an unknown god.
  1904 | D:3      | Found a faded altar of an unknown god.
  1912 | D:3      | Became a worshipper of Warmaster Okawaru
  1972 | D:3      | Reached XP level 5. HP: 30/36 MP: 6/6
  2602 | D:3      | Noticed Robin
  2635 | D:3      | Killed Robin
  2988 | D:4      | Noticed Eustachio
  3058 | D:4      | Slain by a gnoll

Skill      XL: |  1  2  3  4  5 |
---------------+----------------+-----
Bows           | 6 |  6.8
Stealth        | 2 3 4 |  4.1
Fighting       | 3 |  3.6
Dodging        | 3 |  3.1

Action                   |  1- 3 |  4- 6 || total
-------------------------+-------+-------++-------
 Fire: Shortbow          |    61 |   156 ||   217
  Eat: Chunk             |       |     6 ||     6
Armor: Leather armour    |       |    25 ||    25
Dodge: Dodged            |     9 |    53 ||    62
